Map: 엔디온 잔해

Players

llllllllllll (Scarlett) - Winner!

  • Race: Zerg Zerg
  • League: Grandmaster

FindingNemo

  • Race: Protoss Protoss
  • League: Grandmaster

VOD

Have the link to the VOD?

Description

Time

  • Played on: April 10, 2016, 11:17 a.m.
  • Length: 9:54
Show
View Real Time Build Order
Export as new Build Order

llllllllllll Zerg - Winner!

Build Orders: Hatch First 

Get SALT Encoding   

  12  0:00  Drone  
  13  0:10  Drone  
  14  0:17  Overlord  
  14  0:24  Extractor, Drone  
  15  0:36  Drone x2  
  17  0:51  Hatchery  
  17  0:56  Drone  
  17  1:01  Drone  
  18  1:09  Extractor  
  17  1:12  Spawning Pool  
  17  1:15  Drone  
  17  1:18  Drone  
  18  1:28  Drone  
  19  1:38  Drone  
  20  1:54  Hatchery  
  19  1:57  Drone  
  19  2:01  Drone  
  21  2:03  Queen  
  21  2:06  Drone  
  24  2:11  Metabolic Boost  
  24  2:18  Overlord  
  24  2:22  Drone  
  25  2:27  Zergling x2  
  26  2:30  Drone  
  26  2:34  Drone  
  28  2:38  Queen  
  28  2:41  Zergling x2  
  28  2:44  Queen  
  31  2:47  Drone  
  31  2:51  Overlord  
  34  2:59  Drone x2  
  36  3:07  Queen  
  36  3:08  Drone  
  36  3:09  Drone x2  
  41  3:16  Zergling x4  
  41  3:18  Zergling x4  
  45  3:20  Drone  
  46  3:29  Drone x3  
  48  3:44  Drone  
  48  3:46  Overlord x2  
  49  4:02  Overlord x2  
  49  4:12  Overlord  
  49  4:13  Drone x8  
  49  4:16  Lair  
  54  4:29  Zergling x2  
  54  4:30  Zergling x20  
  63  4:31  Queen  
  63  4:34  Extractor x2  
  63  4:37  Spore Crawler  
  62  4:39  Spore Crawler  
  61  4:45  Overlord  
  61  4:46  Drone x2  
  61  4:47  Spore Crawler  
  62  4:55  Drone  
  62  4:56  Drone x2  
  62  4:58  Drone x2  
  66  5:03  Zergling x14  
  70  5:07  Baneling Nest  
  69  5:17  Hydralisk Den  
  69  5:18  Zergling x10  
  73  5:33  Drone x5  
  73  5:34  Drone x2  
  80  5:43  Drone  
  80  5:44  Drone x4  
  80  5:46  Overlord  
  80  5:49  Muscular Augments  
  85  5:50  Baneling  
  85  5:51  Extractor, Baneling x7  
  81  6:04  Drone x2  
  81  6:05  Drone x5  
  87  6:19  Drone x2  
  87  6:20  Drone x2  
  87  6:23  Drone x4  
  95  6:30  Overlord x2  
  95  6:31  Extractor  
  95  6:32  Extractor  
  93  6:42  Overlord  
  93  6:43  Drone x2  
  93  6:46  Drone x2  
  97  6:47  Drone  
  97  6:48  Overlord  
  97  6:49  Overlord x2  
  97  6:50  Overlord x3  
  98  6:59  Hydralisk x3  
  104  7:01  Hydralisk  
  104  7:03  Hydralisk  
  104  7:04  Hydralisk x2  
  112  7:10  Hydralisk x2  
  116  7:16  Hydralisk  
  116  7:17  Hydralisk x3  
  124  7:23  Centrifical Hooks  
  122  7:32  Drone  
  122  7:33  Hydralisk x6, Drone x2  
  134  7:37  Hatchery  
  134  7:44  Hydralisk x5  
  131  7:49  Evolution Chamber  
  140  7:53  Evolution Chamber  
  139  8:03  Zergling x16  
  147  8:14  Baneling x17  
  147  8:15  Baneling x3  
  147  8:19  Zergling x2  
  148  8:20  Zergling x16  
  148  8:22  Extractor  
  148  8:26  Extractor  
  154  8:34  Zergling x2  
  154  8:35  Zergling x10  
  159  8:42  Baneling x6  
  137  9:05  Infestation Pit  
  137  9:11  Zergling x36  
  137  9:39  Hatchery  
  137  9:43  Spire  
Show
View Real Time Build Order
Export as new Build Order

FindingNemo Protoss 

Build Orders: 1 Gate Expand, Phoenix Opening 

Get SALT Encoding   

  12  0:00  Probe (Chrono Boost)  
  13  0:11  Probe (Chrono Boost)  
  14  0:20  Pylon  
  14  0:22  Probe (Chrono Boost)  
  15  0:39  Probe (Chrono Boost), Gateway  
  16  0:44  Assimilator  
  16  0:49  Probe (Chrono Boost)  
  17  1:00  Probe (Chrono Boost)  
  18  1:10  Probe (Chrono Boost)  
  19  1:23  Nexus  
  19  1:33  Cybernetics Core  
  19  1:35  Probe (Chrono Boost)  
  20  1:43  Assimilator  
  20  1:46  Probe (Chrono Boost)  
  21  1:55  Pylon  
  21  1:58  Probe (Chrono Boost)  
  22  2:09  Probe (Chrono Boost)  
  22  2:12  Warp Gate  
  22  2:13  Adept (Chrono Boost)  
  25  2:20  Probe  
  26  2:32  Probe  
  26  2:33  Probe  
  28  2:38  Stargate  
  28  2:40  Adept (Chrono Boost)  
  30  2:44  Probe  
  30  2:45  Probe  
  32  2:54  Probe  
  32  2:57  Probe  
  34  3:04  Gateway  
  34  3:05  Gateway  
  34  3:07  Probe  
  34  3:09  Probe  
  36  3:21  Probe x2  
  36  3:26  Phoenix (Chrono Boost)  
  40  3:31  Probe  
  40  3:32  Pylon  
  40  3:34  Probe  
  42  3:44  Mothership Core  
  42  3:51  Gateway  
  42  3:53  Pylon  
  42  3:56  Probe  
  42  3:57  Pylon  
  42  3:59  Phoenix (Chrono Boost)  
  42  4:15  Adept  
  42  4:16  Adept x2  
  46  4:22  Phoenix (Chrono Boost)  
  46  4:24  Probe (Chrono Boost)  
  45  4:25  Probe (Chrono Boost)  
  46  4:36  Probe (Chrono Boost)  
  46  4:37  Probe (Chrono Boost)  
  48  4:40  Adept x2  
  52  4:46  Probe (Chrono Boost)  
  52  4:47  Adept, Probe (Chrono Boost)  
  56  4:57  Probe (Chrono Boost)  
  56  4:58  Probe (Chrono Boost)  
  58  5:07  Adept x2  
  62  5:15  Pylon  
  62  5:34  Probe x2 (Chrono Boost)  
  64  5:44  Probe x2 (Chrono Boost)  
  64  5:46  Phoenix, Pylon  
  68  5:55  Probe x2 (Chrono Boost)  
  70  6:01  Nexus  
  70  6:04  Pylon  
  70  6:05  Probe x2 (Chrono Boost)  
  70  6:09  Assimilator x2  
  72  6:16  Probe x2 (Chrono Boost)  
  74  6:22  Robotics Facility x2  
  74  6:26  Probe x2 (Chrono Boost)  
  76  6:37  Probe x2 (Chrono Boost)  
  76  6:39  Pylon  
  78  6:45  Forge  
  78  6:47  Probe x2 (Chrono Boost)  
  80  6:55  Pylon  
  80  6:58  Probe x2 (Chrono Boost)  
  80  6:59  Twilight Council  
  80  7:01  Forge  
  82  7:02  Gateway  
  82  7:03  Gateway  
  82  7:08  Probe x2 (Chrono Boost)  
  83  7:12  Immortal (Chrono Boost)  
  83  7:15  Immortal (Chrono Boost)  
  92  7:17  Probe x2  
  92  7:19  Probe  
  95  7:25  Protoss Ground Weapons Level 1  
  95  7:28  Probe  
  95  7:29  Probe  
  97  7:31  Probe  
  98  7:43  Probe  
  98  7:45  Templar Archives  
  98  7:47  Assimilator  
  98  7:48  Assimilator  
  98  7:50  Gateway  
  99  7:51  Gateway  
  99  7:52  Pylon  
  99  7:54  Pylon  
  99  7:58  Sentry x3, Immortal x2 (Chrono Boost)  
  113  8:08  Probe  
  113  8:10  Probe  
  115  8:13  Sentry  
  117  8:23  Adept x4  
  125  8:32  Pylon  
  125  8:34  Pylon  
  117  8:46  Sentry x3  
  117  8:48  Adept x3  
Tags
 
Add a new tag
Caveats
  • Supply blocks, unpowered buildings, or Contaminate may cause inaccurate times.
  • Supply counts are checked every 10 seconds.